 Dungeon Crawl Stone Soup version 0.30-a0-591-g3c58d2bc28 (webtiles) character file.

Game seed: 17767550232495472248

1659 Dirtsage the Transmogrifier (level 9, -1/63 HPs)
             Began as an Octopode Transmuter on Jan 4, 2023.
             Slain by Pikel
             ... wielding a +2 whip of flaming
              (6 damage)
             ... on level 6 of the Dungeon.
             The game lasted 00:14:03 (4908 turns).

Dirtsage the Transmogrifier (Octopode Transmuter)   Turns: 4908, Time: 00:14:03

Health: -1/63      AC:  8    Str:  9    XL:     9   Next: 0%
Magic:  12/12      EV: 10    Int: 20    God:
Gold:   245        SH:  0    Dex: 12    Spells: 5/12 levels left

rFire   x . .      SeeInvis .      - Unarmed
rCold   + + +      Faith    .    (shield currently unavailable)
rNeg    . . .      Spirit   .    (helmet currently unavailable)
rPois   +          Reflect  .    c - amulet of magic regeneration
rElec   .          Harm     .    d - ring of flight
rCorr   .          Rampage  .    (no ring)
Will    .....                    (no ring)
Stlth   +                        (no ring)
HPRegen 0.30/turn                (no ring)
MPRegen 0.53/turn                (no ring)
                                 (no ring)
                                 (no ring)

@: ice-form, wereblooded, flying
A: freezing attack, boosted hp, almost no armour, amphibious, 8 rings, large,
(camouflage 1), (gelatinous body 1), (nimble swimmer 1), (tentacles)
a: End Transformation


You were on level 6 of the Dungeon.
You were a creature of crystalline ice.
You visited 1 branch of the dungeon, and saw 6 of its levels.

You collected 311 gold pieces.
You spent 66 gold pieces at shops.

Inventory:

Armour
 s - a +2 hat (melded)
Magical Staves
 o - a staff of earth
Jewellery
 c - an amulet of magic regeneration (around neck)
 d - a ring of flight (left front paw)
Wands
 j - a wand of mindburst (7)
 p - a wand of iceblast (12)
Scrolls
 b - 3 scrolls of poison
 f - a scroll of torment
 g - 2 scrolls of fear
 i - 3 scrolls of identify
 k - a scroll of immolation
 m - a scroll of amnesia
 t - a scroll of teleportation
 u - a scroll of magic mapping
Potions
 a - a potion of lignification
 e - 2 potions of brilliance
 h - a potion of haste
 l - 3 potions of heal wounds
 n - a potion of cancellation
 q - 5 potions of curing
 r - 2 potions of berserk rage
 v - a potion of resistance {unknown}


   Skills:
 - Level 1.0 Fighting
 - Level 2.0 Dodging
 - Level 3.0 Unarmed Combat
 - Level 2.0 Spellcasting
 * Level 8.1 Transmutations
 * Level 7.7 Ice Magic


You had 5 spell levels left.
You knew the following spells:

 Your Spells              Type           Power      Damage    Failure   Level
a - Beastly Appendage     Tmut           68%        N/A       1%          1
b - Wereblood             Tmut           34%        N/A       1%          2
c - Ice Form              Ice/Tmut       33%        N/A       6%          4

Your spell library contained the following spells:

 Spells                   Type           Power      Damage    Failure   Level
 Spider Form              Tmut/Pois      18%        N/A       9%          3
 Summon Small Mammal      Summ           8%         N/A       16%         1
 Call Canine Familiar     Summ           2%         N/A       43%         3
 Summon Guardian Golem    Hex/Summ       2%         N/A       43%         3


Dungeon Overview and Level Annotations

Branches:
Dungeon (6/15)
 Temple: D:4-7

Altars:
Sif Muna

Shops:
D:1 [[   D:2 *   D:4 *

Annotations:
D:6 Pikel


Innate Abilities, Weirdness & Mutations

You are a creature of crystalline ice.
You have a powerful freezing melee attack.
Your maximum health is increased.
Your armour is entirely melded.
You are incapable of wielding weapons or throwing items.
You cannot wear most types of armour.
You are amphibious.
You can wear up to eight rings at the same time.
((Your skin changes colour to match your surroundings (Stealth+).))
((Your rubbery body absorbs attacks. (AC +1, EV +1)))
((You are camouflaged when in or above water. (Stealth+)))
((You have tentacles for arms and can constrict up to eight enemies at once.))


Message History

Pikel barely misses you.
You closely miss Pikel.
Pikel is heavily wounded.
Pikel barely misses you.
You hit Pikel. You freeze Pikel.
Pikel is heavily wounded.
Pikel hits you with a +2 whip of flaming.
Pikel melts you.
You take 3 damage, and have 39/63 hp.
You hit Pikel but do no damage.
Pikel is heavily wounded.
Pikel hits you but does no damage.
You hit Pikel. You freeze Pikel.
Pikel is heavily wounded.
Pikel hits you with a +2 whip of flaming!
Pikel melts you.
You take 16 damage, and have 24/63 hp.
MASSIVE DAMAGE!!
You hit Pikel but do no damage.
Pikel is heavily wounded.
Pikel hits you with a +2 whip of flaming.
Pikel melts you.
* * * LOW HITPOINT WARNING * * *
You take 8 damage, and have 16/63 hp.
You hit Pikel. You freeze Pikel.
Pikel is heavily wounded.
You hit Pikel. You freeze Pikel.
Pikel is severely wounded.
Pikel scowls and wipes his hands on his robe.
Pikel hits you with a +2 whip of flaming.
* * * LOW HITPOINT WARNING * * *
Pikel melts you.
* * * LOW HITPOINT WARNING * * *
You take 2 damage, and have 14/63 hp.
You punch Pikel! You freeze Pikel.
Pikel is almost dead.
Pikel waves his whip at you.
Pikel hits you with a +2 whip of flaming!
* * * LOW HITPOINT WARNING * * *
Pikel melts you.
You die...

#.........####...##.#######
##.......## ##.###.# #
##.....## ### #.# ##...##
#####.# ##+# #.....# ### #.
#.##### #.. #. #.# #.#
##.#########.# #.#
##...55KY.....# #.#
#....5######..# #.#
###....######..# #.#
#..............# #..
...##.#........## ### ##
#.########## #. #


You could see Pikel and 3 lemures.

Vanquished Creatures
  Sigmund (D:6)
  2 yaks (D:5)
  A wyvern (D:4)
  Duvessa (D:6)
  2 black bears
  An ogre (D:4)
  A lemure (D:6)
  A phantom (D:4)
  A scorpion (D:4)
  Dowan (D:6)
  4 hounds
  An orc priest (D:5)
  A jelly (D:5)
  Ijyb (D:3)
  2 iguanas (D:5)
  An orc wizard (D:5)
  4 gnolls
  8 adders
  3 worms
  2 dart slugs
  15 orcs
  3 endoplasms
  2 giant cockroaches
  4 goblins
  12 hobgoblins
  5 jackals
  8 kobolds
  5 quokkas
  7 ball pythons
  4 bats
  2 frilled lizards
  6 rats
112 creatures vanquished.

Notes
Turn   | Place    | Note
-------+----------+-------------------------------------------
     0 | D:1      | Dirtsage the Octopode Transmuter began the quest for the
                  | Orb.
     0 | D:1      | Reached XP level 1. HP: 13/13 MP: 3/3
    99 | D:1      | Reached skill level 1 in Ice Magic
    99 | D:1      | Reached XP level 2. HP: 13/18 MP: 5/5
   313 | D:1      | Found Kakideh's Armour Shoppe.
   492 | D:1      | Found Gianne's Antique Armour Emporium.
   736 | D:2      | Reached XP level 3. HP: 23/23 MP: 4/6
   742 | D:2      | Learned a level 2 spell: Wereblood
   822 | D:2      | Reached skill level 3 in Transmutations
  1119 | D:2      | Found Paese's General Store.
  1146 | D:2      | Bought 2 potions of curing for 66 gold pieces
  1292 | D:2      | Reached XP level 4. HP: 28/28 MP: 7/7
  1417 | D:3      | Noticed Ijyb
  1429 | D:3      | Killed Ijyb
  1767 | D:3      | Reached XP level 5. HP: 30/33 MP: 8/8
  1772 | D:3      | Learned a level 4 spell: Ice Form
  1847 | D:3      | Reached skill level 4 in Transmutations
  2559 | D:4      | Reached XP level 6. HP: 28/38 MP: 9/9
  2704 | D:4      | Noticed a black bear
  2898 | D:4      | Noticed a wyvern
  2906 | D:4      | HP: 2/45 [wyvern (15)]
  2907 | D:4      | Killed a wyvern
  2908 | D:4      | Reached skill level 5 in Transmutations
  2908 | D:4      | Reached XP level 7. HP: 3/43 MP: 10/10
  3134 | D:4      | Reached skill level 5 in Ice Magic
  3170 | D:4      | Found Zewoch's Assorted Antiques.
  3198 | D:4      | Reached skill level 6 in Transmutations
  3609 | D:5      | Entered Level 5 of the Dungeon
  3661 | D:5      | Noticed a yak
  3664 | D:5      | Noticed a yak
  3664 | D:5      | Noticed a yak
  3664 | D:5      | Noticed a yak
  3682 | D:5      | Noticed a yak
  3686 | D:5      | Noticed a yak
  3695 | D:5      | Killed a yak
  3696 | D:5      | Reached XP level 8. HP: 40/48 MP: 11/11
  3701 | D:5      | Killed a yak
  3957 | D:5      | Reached skill level 7 in Transmutations
  4314 | D:5      | Found a shimmering blue altar of Sif Muna.
  4609 | D:6      | Noticed Dowan
  4610 | D:6      | Noticed Duvessa
  4636 | D:6      | Killed Duvessa
  4640 | D:6      | Killed Dowan
  4731 | D:6      | Noticed Sigmund
  4745 | D:6      | Killed Sigmund
  4746 | D:6      | Reached skill level 8 in Transmutations
  4746 | D:6      | Reached XP level 9. HP: 53/53 MP: 12/12
  4884 | D:6      | Noticed Pikel
  4908 | D:6      | Slain by Pikel

Illustrated notes

Levels and vault maps discovered:
D:1:      saegor_arrival_under_anarchy, layout_basic, serial_shops, shop_statue,
          shop
D:2:      layout_rooms, serial_shops, shop
D:3:      layout_basic, uniq_ijyb
D:4:      minmay_evil_eye, layout_cave_pools, serial_shops, shop
D:5:      layout_basic, lemuel_crystal_altar, minmay_between
D:6:      layout_loops_corners, minmay_temple_entry_from_below_a, uniq_duvessa,
          uniq_sigmund, uniq_pikel

Skill      XL: |  1  2  3  4  5  6  7  8 |
---------------+-------------------------+-----
Ice Magic      | 1 2 3 4 6 7 |  7.7
Transmutations | 3 4 5 6 8 |  8.1
Fighting       | |  1.0
Dodging        | |  2.0
Unarmed Combat | |  3.0
Spellcasting   | |  2.0

Action                   |  1- 3 |  4- 6 |  7- 9 || total
-------------------------+-------+-------+-------++-------
Melee: Unarmed           |    94 |   106 |   148 ||   348
       Constrict         |    21 |    23 |     4 ||    48
       Tentacles         |    14 |    21 |     9 ||    44
       Kick              |     9 |    17 |       ||    26
       Punch             |     2 |     2 |     1 ||     5
 Cast: Beastly Appendage |     6 |     9 |     1 ||    16
       Ice Form          |       |     3 |    11 ||    14
       Wereblood         |       |       |     4 ||     4
Evoke: Wand              |       |     1 |     3 ||     4
  Use: Potion            |       |       |     5 ||     5
       Scroll            |       |       |    12 ||    12
 Stab: Sleeping          |    11 |     5 |       ||    16
Armor: Skin              |    14 |     6 |    46 ||    66
Dodge: Dodged            |    57 |    45 |    59 ||   161

Table legend: (Time is in decaauts)
 A = Elapsed time spent in this place.
 B = Non-inter-level travel time spent in this place.
 C = Inter-level travel time spent in this place.
 D = Time resting spent in this place.
 E = Time spent auto-exploring this place.
 F = Levels seen in this place.
 G = Mean time per level.
                   A        B        C        D        E       F      G
               +--------+--------+--------+--------+--------+-----+--------+
         Total |   4853 |   4668 |    185 |    444 |   3328 |   6 |  808.8 |
       Dungeon |   4853 |   4668 |    185 |    444 |   3328 |   6 |  808.8 |
               +--------+--------+--------+--------+--------+-----+--------+

Top non-repeatable levels by time:
     D:4: 1230 daAuts
     D:3: 1158 daAuts
     D:1: 726 daAuts
     D:5: 706 daAuts
     D:2: 615 daAuts
     D:6: 416 daAuts
